 Dungeon Crawl Stone Soup version 0.28.0-43-g3370ac3207 (webtiles) character file.

Game seed: 17612863174029237591

153 Arcadio the Shooter (level 5, 0/26 (33) HPs)
             Began as a Kobold Hunter on Mar 3, 2022.
             Was a Priest of Elyvilon.
             Slain by a wight
             ... wielding a +4 war axe of freezing
              (3 damage)
             ... on level 4 of the Dungeon.
             The game lasted 00:19:38 (6135 turns).

Arcadio the Shooter (Kobold Hunter)                 Turns: 6135, Time: 00:19:40

HP:   0/26 (33)     AC:  5    Str: 12    XL:     5   Next: 61%
MP:   5/5           EV: 15    Int: 12    God:    Elyvilon [***...]
Gold: 46            SH:  0    Dex: 15    Spells: 4/4 levels left

rFire   . . .      SeeInvis .   b - +2 dagger (venom)
rCold   . . .      Faith    .   (no shield)
rNeg    . . .      Spirit   .   c - +0 leather armour
rPois   .          Reflect  .   (no helmet)
rElec   .          Harm     .   (no cloak)
rCorr   .          Rampage  .   i - +1 pair of gloves
Will    .....                   (no boots)
Stlth   +++.......              (no amulet)
HPRegen 0.08/turn               (no ring)
MPRegen 0.09/turn               (no ring)

@: heavily drained
A: small, no large weapons, nightstalker 3
a: Renounce Religion, Purification, Heal Other, Heal Self


You were on level 4 of the Dungeon.
You worshipped Elyvilon.
Elyvilon was most pleased with you.
You visited 1 branch of the dungeon, and saw 4 of its levels.

You collected 46 gold pieces.

Inventory:

Hand Weapons
 a - a +1 shortbow
 b - a +2 dagger of venom (weapon)
 e - a +0 short sword
 l - a +1 hand axe of flaming
 m - a +0 whip of electrocution
Missiles
 d - 28 arrows
Armour
 c - a +0 leather armour (worn)
 i - a +1 pair of gloves (worn)
Scrolls
 f - a scroll of enchant armour {unknown}
 h - 2 scrolls of teleportation {unknown}
 j - a scroll of holy word {unknown}
 k - a scroll of summoning {unknown}
 q - a scroll of fog {unknown}
Potions
 g - a potion of magic
 n - a potion of mutation
 p - a potion of heal wounds {unknown}


   Skills:
 + Level 3.7 Fighting
 + Level 4.9 Bows
 + Level 4.1 Dodging
 + Level 1.7 Stealth


You had 4 spell levels left.
You didn't know any spells.
Your spell library contained the following spells:

 Spells                   Type           Power      Damage    Failure   Level
 Summon Guardian Golem    Hex/Summ       0%         N/A       77%         3
 Orb of Destruction       Conj           0%         9d5       100%        7
 Spellforged Servitor     Conj/Summ      0%         N/A       100%        7


Dungeon Overview and Level Annotations

Branches:
Dungeon (4/15)
 Temple: D:4-7

Altars:
Elyvilon

Shops:
D:1 [

Annotations:
D:3 Sigmund
D:4 Grinder, Menkaure


Innate Abilities, Weirdness & Mutations

You are small and have problems with some larger weapons.
You are completely attuned to the shadows.


Message History

The wight is heavily damaged.
The wight barely misses you.
You see here a +0 short sword.
There is an open door here.
Your +2 dagger of venom begins to drip with poison!
b - a +2 dagger of venom (weapon)
The wight misses you.
You hit the wight but do no damage.
The wight is almost destroyed.
The wight barely misses you.
You closely miss the wight.
The wight is almost destroyed.
The wight misses you. x2
There is an open door here.
You hit the wight but do no damage.
There is an open door here.
You closely miss the wight.
The wight is heavily damaged.
You closely miss the wight.
The wight is moderately damaged.
The wight barely misses you.
You hit the wight.
The wight is heavily damaged.
The wight hits you with a +0 mace. The wight hits you with a +0 mace.
The wight hits you with a +0 mace.
You hit the wight.
The wight is heavily damaged.
The wight hits you with a +0 mace.
You feel drained.
You hit the wight.
The wight is severely damaged.
The wight closely misses you.
You hit the wight but do no damage.
The wight is severely damaged.
The wight hits you with a +4 war axe of freezing!
* * * LOW HITPOINT WARNING * * *
You feel drained.
* * * LOW HITPOINT WARNING * * *
The wight freezes you.
You die...

# #......#...........#..##....
#######..'...........#........
#.....#..#...........#........
#.....#..#...........#..###'##
#.....####...........#..##....
#....................#........
#....................#........
#.............z......#..##....
#............@zz.....#..##....
####'###....####.....#..#.....
#......#....#..#.....#..#.....
#......#....#..#z....#..'.....
#......#....#..#.....#..#.....
#......#....#..'.....#..#.....
#......#....#..#.....#..##....
##########....#..##########.....
##..###.....####'###...# #.....


You could see 3 wights.

Vanquished Creatures
  A hound (D:3)
  4 adders
  A worm (D:3)
  6 dart slugs
  5 orcs
  6 endoplasms
  A giant cockroach (D:1)
  6 goblins
  7 hobgoblins
  4 jackals (D:2)
  5 quokkas
  3 ball pythons
  5 bats
  4 frilled lizards
  6 kobolds
  2 rats
66 creatures vanquished.

Notes
Turn   | Place    | Note
-------+----------+-------------------------------------------
     0 | D:1      | Arcadio the Kobold Hunter began the quest for the Orb.
     0 | D:1      | Reached XP level 1. HP: 12/12 MP: 1/1
   344 | D:1      | Reached XP level 2. HP: 18/18 MP: 2/2
   858 | D:1      | Reached XP level 3. HP: 22/22 MP: 3/3
  1063 | D:1      | Found Jaudet's Antique Armour Shoppe.
  1829 | D:2      | Found a white marble altar of Elyvilon.
  1834 | D:2      | Became a worshipper of Elyvilon the Healer
  2004 | D:2      | Reached XP level 4. HP: 17/28 MP: 4/4
  3028 | D:3      | Reached * piety under Elyvilon
  3496 | D:3      | Reached XP level 5. HP: 30/32 MP: 5/5
  3980 | D:3      | Noticed Sigmund
  4070 | D:3      | Reached ** piety under Elyvilon
  4762 | D:4      | Noticed Grinder
  4774 | D:4      | Noticed a necrophage
  5226 | D:4      | Noticed Menkaure
  5499 | D:4      | Reached *** piety under Elyvilon
  6135 | D:4      | Slain by a wight

Illustrated notes

Levels and vault maps discovered:
D:1:      zaba_arrival_water, layout_loops_corners, serial_shops, shop,
          minmay_misc_feat_more_columns
D:2:      layout_basic, basic_altar
D:3:      layout_loops_corners, uniq_sigmund
D:4:      layout_gridville, kennysheep_nub, uniq_crazy_yiuf_cottage,
          uniq_menkaure, uniq_natasha, uniq_grinder

Skill      XL: |  1  2  3  4  5 |
---------------+----------------+-----
Dodging        | 3 4 |  4.1
Fighting       | 3 |  3.7
Bows           | |  4.9
Stealth        | |  1.7

Action                   |  1- 3 |  4- 6 || total
-------------------------+-------+-------++-------
Melee: Short sword       |   114 |   109 ||   223
       Punch             |     1 |     1 ||     2
       Dagger            |       |    54 ||    54
 Fire: Shortbow          |     4 |    26 ||    30
  Use: Scroll            |     1 |     2 ||     3
       Potion            |       |     3 ||     3
 Stab: Sleeping          |    13 |    10 ||    23
Armor: Leather armour    |    29 |    33 ||    62
Dodge: Dodged            |    88 |   127 ||   215
